 Dungeon Crawl Stone Soup version 0.18-a0-1577-gf591c28 (webtiles) character file.

8751 Yawgmoth the Geomancer (level 11, 0/96 HPs)
             Began as a Gargoyle Earth Elementalist on Mar 18, 2016.
             Was a Priest of Vehumet.
             Engulfed by a fire crab's flame (13 damage)
             ... on level 9 of the Dungeon on Mar 19, 2016.
             The game lasted 01:16:12 (13287 turns).

Yawgmoth the Geomancer (GrEE)                      Turns: 13287, Time: 01:16:13

Health: 0/96       AC: 11    Str: 17    XL:     11   Next: 35%
Magic:  5/24       EV: 11    Int: 19    God:    Vehumet [***...]
Gold:   379        SH:  0    Dex: 10    Spells: 8 memorised, 9 levels left

rFire  . . .     SeeInvis +     Z - staff of energy {HUNGERLESS CASTING}
rCold  . . .     Gourm    .     l - +0 leather armour
rNeg   + . .     Faith    .     (no shield)
rPois  ∞         Spirit   .     p - +0 helmet
rElec  +         Dismiss  .     (no cloak)
rCorr  .         Reflect  .     (no gloves)
SustAt .         Harm     .     (no boots)
MR     .....                    (no amulet)
Stlth  ..........               T - ring of see invisible
                                Q - ring of flight

@: berserking, very quick, not resistant to hostile enchantments, extremely
unstealthy
A: negative energy resistance 1, electricity resistance, unbreathing,
petrification resistance, rot immunity, AC +7
a: Renounce Religion, Evoke Flight


You were on level 9 of the Dungeon.
You worshipped Vehumet.
Vehumet was most pleased with you.
You were not hungry.

You visited 2 branches of the dungeon, and saw 11 of its levels.

You collected 455 gold pieces.
You spent 76 gold pieces at shops.

Inventory:

Hand Weapons
 j - a +2 scimitar of electrocution
 D - a +1 spear of freezing
 Y - a +2 quarterstaff of protection
Missiles
 s - 77 stones (quivered)
 I - 12 tomahawks
Armour
 l - a +0 leather armour (worn)
 p - a +0 helmet (worn)
 w - a +0 buckler
 P - a +0 plate armour
Magical Staves
 Z - an uncursed staff of energy (weapon) {HUNGERLESS CASTING}
Jewellery
 u - a +2 ring of dexterity {unknown}
 y - an uncursed amulet of faith
 Q - a ring of flight (left hand)
 T - a ring of see invisible (right hand)
Wands
 B - a wand of paralysis (17/24)
 G - a wand of lightning (6/15)
 L - a wand of acid (8/15)
 M - a wand of random effects (19/48)
Scrolls
 b - 2 scrolls of teleportation
 e - 3 scrolls of immolation {unknown}
 f - 3 scrolls of noise {unknown}
 g - a scroll of recharging {unknown}
 k - 3 scrolls of identify
 m - 4 scrolls of remove curse
 n - 2 scrolls of enchant armour {unknown}
 o - a scroll of magic mapping {unknown}
 r - 2 scrolls of fog {unknown}
 t - a scroll of enchant weapon {unknown}
 v - 2 scrolls of fear {unknown}
 O - a scroll of random uselessness {unknown}
 R - 4 scrolls of amnesia {unknown}
 X - a scroll of blinking {unknown}
Potions
 x - a potion of mutation {unknown}
 z - 3 potions of lignification
 A - a potion of cancellation {unknown}
 C - a potion of flight {unknown}
 E - a potion of degeneration {unknown}
 F - a potion of might {unknown}
 H - a potion of agility {unknown}
 J - a potion of invisibility {unknown}
 S - a potion of brilliance {unknown}
Books
 c - a book of Geomancy

   Spells                             Type                      Level
   a - Sandblast                      Earth                        1
   b - Passwall                       Transmutation/Earth          2
   c - Stone Arrow                    Conjuration/Earth            3
   d - Petrify                        Transmutation/Earth          4
   e - Lee's Rapid Deconstruction     Earth                        5
 K - Sif Muna's Handbook of Battle Magic
   (You found it on level 9 of the Dungeon)

   Spells                             Type                      Level
   a - Shock                          Conjuration/Air              1
 U - a book of Spatial Translocations

   Spells                             Type                      Level
   a - Apportation                    Translocation                1
   b - Blink                          Translocation                2
   c - Shroud of Golubria             Charms/Translocation         2
   d - Portal Projectile              Translocation                3
   e - Teleport Other                 Translocation                3
   f - Passage of Golubria            Translocation                4
 W - a book of Party Tricks

   Spells                             Type                      Level
   a - Summon Butterflies             Summoning                    1
   b - Apportation                    Translocation                1
   c - Tukima's Dance                 Hexes                        3
   d - Alistair's Intoxication        Transmutation/Poison         5
   e - Invisibility                   Hexes                        6
Comestibles
 a - 10 royal jellies
 d - 4 bread rations
 i - 3 meat rations
 q - 10 chunks of flesh


   Skills:
 + Level 5.7 Fighting
 - Level 1.6 Dodging
 - Level 2.1 Stealth
 + Level 9.3 Spellcasting
 + Level 5.4 Conjurations
 + Level 5.0 Translocations
 - Level 0.7 Transmutations
 + Level 11.9 Earth Magic
 + Level 4.1 Evocations


You had 9 spell levels left.
You knew the following spells:

 Your Spells              Type           Power        Failure   Level  Hunger
a - Sandblast             Erth           ######       1%          1    None
b - Stone Arrow           Conj/Erth      #####.       1%          3    None
c - Passwall              Trmt/Erth      ####......   1%          2    None
d - Blink                 Tloc           N/A          1%          2    None
e - Apportation           Tloc           ####......   1%          1    None
f - Lee's Rapid Deconstr  Erth           ######....   1%          5    None
g - Summon Butterflies    Summ           #.......     12%         1    None
h - Passage of Golubria   Tloc           N/A          14%         4    None


Dungeon Overview and Level Annotations

Branches:
Dungeon (10/15)            Temple (1/1) D:7
   Lair: D:8-11         Orc: D:9-12

Altars:
Ashenzari
Cheibriados
Dithmenos
Elyvilon
Fedhas
Gozag
Kikubaaqudgha
Makhleb
Nemelex Xobeh
Okawaru
Pakellas
Qazlal
Ru
Sif Muna
Trog
Vehumet
Xom
Yredelemnul
Zin
The Shining One

Shops:
D:8 (   D:9 !   D:10 (

Annotations:
D:3 Ijyb


Innate Abilities, Weirdness & Mutations

You are resistant to torment.
Your stone body is resilient (AC +7).
You are immune to poison.
You resist negative energy.
You are resistant to electric shocks.
You can survive without breathing.
You are immune to petrification.
You are immune to rotting.


Message History

The fire crab bites you but does no damage.
The fire crab claws you!
You are engulfed in flames!
The fire crab breathes flames at you. The blast of flame engulfs you!
Casting: Stone Arrow
Confirm with . or Enter, or press ? or * to list all spells.
Aiming: Stone Arrow
Press: ? - help, Shift-Dir - straight line, f/p - fire crab
Aim: a fire crab (heavily wounded)
The stone arrow hits the fire crab.
The fire crab is heavily wounded.
You are engulfed in roaring flames.
* * * LOW HITPOINT WARNING * * *
The fire crab breathes flames at you. The blast of flame engulfs you!
Drink which item? (? for menu, Esc to quit)
A red film seems to cover your vision as you go berserk!
You feel yourself moving faster!
You feel mighty!
You are engulfed in roaring flames.
You die...

### #.# #.# ############### #(#
#.............. #.#
#.############# #§######.#
#§§§§@§#.# #§####§#.#
#.####t#.#############
###########.#>[..%%.§t§.........
##.........[.#[##.#.#.(..##.....#
........###[.#.##.#.#....##.....#
........# #..#)##.#.#....##.....#
........# #.....#.#.##..###.....#
........###.......)..)[÷..'.....'


You could see a fire crab.

Vanquished Creatures
  Erolcha (D:9)
  An unseen horror (D:10)
  The ghost of Vojta the Shooter, a novice HEHu (D:5)
  A polar bear (D:9)
  A troll (D:9)
  9 yaks
  A wyvern (D:8)
  2 hippogriffs (D:8)
  3 vampire mosquitoes
  5 orc warriors
  2 sky beasts
  2 ice beasts (D:10)
  An eye of draining (D:9)
  8 ogres
  2 wolves
  3 centaurs
  2 big kobolds
  A giant frog (D:10)
  3 scorpions
  9 killer bees (D:8)
  8 wights
  2 howler monkeys
  A crimson imp (D:5)
  A centaur zombie (D:9)
  4 hounds
  6 jellies
  A quasit (D:10)
  3 centaur skeletons
  5 orc priests (D:9)
  A giant frog skeleton (D:9)
  Terence (D:2)
  An iguana (D:9)
  14 orc wizards
  5 worker ants
  Robin (D:4)
  A howler monkey skeleton (D:9)
  12 adders
  2 worker ant simulacra (D:10)
  An ufetubus (D:10)
  6 oozes
  An adder zombie (D:5)
  2 worms
  3 dart slugs
  8 giant geckos
  29 orcs
  9 bats
  7 giant cockroaches
  15 goblins
  11 hobgoblins
  11 jackals
  4 quokkas
  3 ball pythons
  A giant gecko skeleton (D:5)
  7 giant newts
  2 jackal zombies
  12 kobolds
  7 rats
266 creatures vanquished.

Notes
Turn   | Place    | Note
--------------------------------------------------------------
     0 | D:1      | Yawgmoth the Gargoyle Earth Elementalist began the quest for the Orb.
     0 | D:1      | Reached XP level 1. HP: 10/10 MP: 3/3
   187 | D:1      | Reached skill level 4 in Earth Magic
   187 | D:1      | Reached XP level 2. HP: 15/15 MP: 1/5
  1090 | D:1      | Reached XP level 3. HP: 19/19 MP: 4/6
  1666 | D:2      | Noticed Terence
  1824 | D:2      | Found a snail-covered altar of Cheibriados.
  2136 | D:2      | Reached XP level 4. HP: 24/24 MP: 8/8
  2345 | D:1      | Learned a level 3 spell: Stone Arrow
  2349 | D:2      | Killed Terence
  2349 | D:2      | Reached skill level 5 in Earth Magic
  2659 | D:3      | Reached XP level 5. HP: 28/28 MP: 10/10
  2855 | D:3      | Noticed Ijyb
  3043 | D:3      | Found an ancient bone altar of Kikubaaqudgha.
  3091 | D:3      | Found a bloodstained altar of Trog.
  3091 | D:3      | Found a shadowy altar of Dithmenos.
  3091 | D:3      | Found a sacrificial altar of Ru.
  3365 | D:3      | Found a white marble altar of Elyvilon.
  3715 | D:4      | Noticed Robin
  3720 | D:4      | Killed Robin
  3973 | D:4      | Learned a level 2 spell: Passwall
  4007 | D:5      | Entered Level 5 of the Dungeon
  4272 | D:5      | Noticed an ogre
  4272 | D:5      | Noticed Vojta's ghost (novice HEHu)
  4345 | D:4      | Reached XP level 6. HP: 30/32 MP: 1/12
  4436 | D:4      | Reached skill level 6 in Earth Magic
  4612 | D:5      | Killed Vojta's ghost
  4612 | D:5      | Reached skill level 5 in Spellcasting
  4612 | D:5      | Reached skill level 7 in Earth Magic
  4612 | D:5      | Reached XP level 7. HP: 14/36 MP: 5/15
  4920 | D:5      | Found an oddly glowing altar of Pakellas.
  4930 | D:5      | Found a blossoming altar of Fedhas.
  4932 | D:5      | Found a stormy altar of Qazlal.
  5096 | D:5      | Reached skill level 8 in Earth Magic
  5105 | D:5      | Reached XP level 8. HP: 38/41 MP: 9/17
  5880 | D:6      | Found an iron altar of Okawaru.
  6004 | D:6      | Reached skill level 9 in Earth Magic
  6141 | D:6      | Found a sparkling altar of Nemelex Xobeh.
  6638 | D:7      | Found a staircase to the Ecumenical Temple.
  6649 | Temple   | Entered the Ecumenical Temple
  6751 | Temple   | Became a worshipper of Vehumet
  6972 | D:7      | Reached skill level 10 in Earth Magic
  6972 | D:7      | Reached XP level 9. HP: 45/45 MP: 17/20
  7088 | D:7      | Learned a level 2 spell: Blink
  7095 | D:7      | Learned a level 1 spell: Apportation
  7426 | D:7      | Found a glowing silver altar of Zin.
  7426 | D:7      | Noticed an angel
  7461 | D:7      | Learned a level 5 spell: Lee's Rapid Deconstruction
  7633 | D:8      | Reached skill level 1 in Translocations
  7745 | D:8      | Reached skill level 1 in Fighting
  7745 | D:8      | Reached skill level 1 in Conjurations
  7848 | D:8      | Learned a level 1 spell: Summon Butterflies
  8004 | D:8      | Reached * piety under Vehumet
  8004 | D:8      | Offered knowledge of Shock by Vehumet.
  8013 | D:8      | Found Boomacw's Antique Weapon Shop.
  8022 | D:8      | Bought a glowing quarterstaff for 76 gold pieces
  8919 | D:9      | Noticed a troll
  8926 | D:9      | Killed a troll
  8926 | D:9      | Reached skill level 1 in Evocations
  8948 | D:8      | Reached XP level 10. HP: 38/56 MP: 1/22
  9212 | D:8      | Reached skill level 11 in Earth Magic
  9549 | D:9      | Reached ** piety under Vehumet
  9549 | D:9      | Offered knowledge of Sting by Vehumet.
  9988 | D:9      | Found Fiselaid's Distillery.
 10369 | D:9      | Noticed Erolcha
 10376 | D:9      | Killed Erolcha
 10799 | D:9      | Found a deep blue altar of Sif Muna.
 10826 | D:9      | Identified Sif Muna's Handbook of Battle Magic (You found it on level 9 of the Dungeon)
 11499 | D:10     | Entered Level 10 of the Dungeon
 11504 | D:10     | Reached skill level 5 in Fighting
 11511 | D:9      | Offered knowledge of Mephitic Cloud by Vehumet.
 11719 | D:9      | Learned a level 4 spell: Passage of Golubria
 11729 | D:9      | Reached skill level 5 in Conjurations
 11729 | D:9      | Reached XP level 11. HP: 21/63 MP: 5/24
 12097 | D:10     | Noticed an unseen horror
 12101 | D:10     | Killed an unseen horror
 12122 | D:10     | Reached *** piety under Vehumet
 12610 | D:10     | Found Zyrheoba's Weapon Shop.
 12639 | D:9      | Reached skill level 5 in Translocations
 13275 | D:9      | Noticed a fire crab
 13287 | D:9      | Engulfed by a fire crab's flame

Vault maps used:
D:1:      dpeg_arrival_radiant
D:2:      cheibriados_altar_1, first_bread, minmay_misc_feat_more_columns,
          corexii_leaking_fountain, st_stairs_12, uniq_terence
D:3:      nicolae_overflow_hidden_temple, grunt_temple_overflow_open, uniq_iyjb
D:4:      serial_bayou_pond_d, grunt_ministairs_1, uniq_robin
D:5:      minitemple
D:6:      kennysheep_little_box, nemelex_xobeh_ov_fountains_minmay
D:7:      zin_angel, minmay_temple_entry_glassed_door
D:8:      serial_shops, shop, hangedman_little_slice_of_home
D:9:      led_sif_book, serial_shops, shop, kennysheep_generic_room_6,
          uniq_erolcha
D:10:     serial_ice, serial_ice_k, serial_ice_d, serial_ice_b, serial_ice_o,
          serial_ice_n, serial_ice_m, serial_ice_c, serial_shops,
          nicolae_shop_stone
Temple:   nicolae_temple_great_sept

Skill      XL: |  1  2  3  4  5  6  7  8  9 10 11 |
---------------+----------------------------------+-----
Earth Magic    | 4 5 7 8 10 11 | 11.9
Spellcasting   | 3 4 5 6 7 8 9 |  9.3
Translocations | 3 4 5 |  5.0
Fighting       | 3 5 |  5.7
Conjurations   | 3 5 |  5.4
Evocations     | 1 3 4 |  4.1
Dodging        | |  1.6
Stealth        | |  2.1
Transmutations | |  0.7

Action                   |  1- 3 |  4- 6 |  7- 9 | 10-12 || total
-------------------------+-------+-------+-------+-------++-------
Melee: Spear             |    14 |     5 |    36 |    23 ||    78
       Flail             |       |    83 |       |     5 ||    88
       Staff             |       |       |     1 |     1 ||     2
       Scimitar          |       |       |       |    13 ||    13
       Whip              |       |       |       |     3 ||     3
Throw: Stone             |       |     1 |     4 |     1 ||     6
 Cast: Sandblast         |    64 |    70 |   117 |    37 ||   288
       Stone Arrow       |       |     4 |    29 |   147 ||   180
       Passwall          |       |     2 |       |     4 ||     6
       Apportation       |       |       |     1 |    11 ||    12
       Lee's Rapid Decon |       |       |       |    15 ||    15
  Use: Scroll            |       |     1 |     7 |     1 ||     9
       Potion            |       |     1 |       |    13 ||    14
  Eat: Chunk             |     4 |     7 |     5 |    10 ||    26
       Beef jerky        |       |     1 |       |       ||     1
       Meat ration       |       |       |     1 |       ||     1
       Pizza             |       |       |     1 |       ||     1
       Royal jelly       |       |       |     1 |       ||     1
       Bread ration      |       |       |       |     1 ||     1
